 Dungeon Crawl Stone Soup version 0.24.0-1-gfbc8707 (webtiles) character file.

Game seed: 9408462212629847173, levelgen mode: deterministic

3 Buxparty the Grappler (level 1, 0/23 HPs)
             Began as a Gnoll Wanderer on Jan 8, 2020.
             Slain by a jackal (3 damage)
             ... on level 1 of the Dungeon.
             The game lasted 00:00:24 (113 turns).

Buxparty the Grappler (Gnoll Wanderer)               Turns: 113, Time: 00:00:24

Health: 0/23       AC:  2    Str: 15    XL:     1   Next: 50%
Magic:  1/1        EV:  8    Int: 13    God:
Gold:   19         SH:  8    Dex: 14    Spells: 0/0 levels left

rFire    . . .     SeeInvis .   a - +0 club
rCold    . . .     Gourm    .   e - +0 shield
rNeg     . . .     Faith    .   d - +0 robe
rPois    .         Spirit   .   (no helmet)
rElec    .         Reflect  .   (no cloak)
rCorr    .         Harm     .   (no gloves)
MR       .....                  (no boots)
Stlth    ++........             (no amulet)
HPRegen  0.07/turn              (no ring)
MPRegen  0.07/turn              (no ring)

@: no status effects
A: distributed training, fangs 1, strong nose
a: no special abilities


You were on level 1 of the Dungeon.
You were not hungry.

You visited 1 branch of the dungeon, and saw 1 of its levels.

You collected 19 gold pieces.

Inventory:

Hand Weapons
 a - a +0 club (weapon)
Armour
 d - a +0 robe (worn)
 e - a +0 shield (worn)
Scrolls
 c - a scroll of teleportation
Potions
 b - a potion of curing
Comestibles
 f - a ration


   Skills:
 + Level 6.4 Fighting
 + Level 0.0 Short Blades
 + Level 0.0 Long Blades
 + Level 0.0 Axes
 + Level 0.0 Maces & Flails
 + Level 0.0 Polearms
 + Level 0.0 Staves
 + Level 0.0 Slings
 + Level 0.0 Bows
 + Level 0.0 Crossbows
 + Level 0.0 Throwing
 + Level 0.0 Armour
 + Level 0.0 Dodging
 + Level 2.1 Stealth
 + Level 2.3 Shields
 + Level 10.3 Unarmed Combat
 + Level 0.0 Spellcasting
 + Level 0.0 Conjurations
 + Level 0.0 Hexes
 + Level 0.0 Charms
 + Level 0.0 Summonings
 + Level 0.0 Necromancy
 + Level 0.0 Translocations
 + Level 0.0 Transmutations
 + Level 0.0 Fire Magic
 + Level 0.0 Ice Magic
 + Level 0.0 Air Magic
 + Level 0.0 Earth Magic
 + Level 0.0 Poison Magic
 + Level 0.1 Invocations
 + Level 0.0 Evocations


You couldn't memorise any spells.
You didn't know any spells.
Your spell library was empty.

Dungeon Overview and Level Annotations

Branches:
Dungeon (1/15)

Altars:


Innate Abilities, Weirdness & Mutations

Your experience applies equally to all skills.
You have very sharp teeth.
Your uncanny sense of smell can sniff out nearby items.


Message History

You block the bat's attack.
The jackal bites you but does no damage.
You block the jackal's attack.
You hit the jackal.
The jackal is almost dead.
The bat hits you.
* * * LOW HITPOINT WARNING * * *
You block the jackal's attack. The jackal barely misses you.
The jackal bites you but does no damage.
The bat closely misses you.
The jackal bites you but does no damage.
The jackal bites you.
* * * LOW HITPOINT WARNING * * *
The jackal closely misses you.
You hit the bat.
You kill the bat!
The jackal barely misses you. x2; You block the jackal's attack.
The jackal bites you but does no damage.
The jackal bites you.
You die...

#............#
..#(#.#.########
#.#.#.#.#
#.#.#.#.#
#[#.#.#†# ∆ ####
#.#.#.#.# ...#
#.#.#...# ##.##
..#?##)#h#####.#
.....
......hh@....>$#
###..
..#.##.#h#.#..#.
#.#.#.# # ###..
#...# # .....
..... ###..
##### ∆


You could see 4 jackals.

Vanquished Creatures
  A goblin (D:1)
  2 bats (D:1)
  A frilled lizard (D:1)
4 creatures vanquished.

Notes
Turn   | Place    | Note
-------+----------+-------------------------------------------
     0 | D:1      | Reached skill level 10 in Unarmed Combat
     0 | D:1      | Buxparty the Gnoll Wanderer began the quest for the Orb.
     0 | D:1      | Buxparty set off with the following items: a +0 club, a
                  | potion of curing, a scroll of teleportation, a +0 robe, a
                  | +0 shield, a ration
     0 | D:1      | Reached XP level 1. HP: 23/23 MP: 1/1
   113 | D:1      | Slain by a jackal

Levels and vault maps discovered:
D:1:      mrwooster_arrival_arrow, layout_basic

Skill      XL: | |
---------------+-+-----
Unarmed Combat | | 10.3
Fighting       | |  6.4
Stealth        | |  2.1
Shields        | |  2.3
Invocations    | |  0.1

Action                   || total
-------------------------++-------
Melee: Club              ||    23
 Stab: Sleeping          ||     1
Armor: Robe              ||    18
Dodge: Dodged            ||    18
Block: Shield            ||    23
